 Dungeon Crawl Stone Soup version 0.30-a0-972-gf3ab3527aa (webtiles) character file.

Game seed: 405268605575548370

93 cforsyth the Trooper (level 4, 0/37 HPs)
             Began as a Formicid Fighter on Mar 31, 2023.
             Slain by an orc
             ... wielding a +0 club
              (2 damage)
             ... on level 4 of the Dungeon.
             The game lasted 00:04:05 (2321 turns).

cforsyth the Trooper (Formicid Fighter)             Turns: 2321, Time: 00:04:06

Health: 0/37       AC: 12    Str: 22    XL:     4   Next: 92%
Magic:  4/4        EV:  9    Int:  8    God:
Gold:   264        SH:  0    Dex: 13    Spells: 3/3 levels left

rFire   x . .      SeeInvis +    a - +0 flail
rCold   + + .      Faith    .    c - +0 buckler
rNeg    . . .      Spirit   .    o - +0 ice dragon scales
rPois   .          Reflect  +    (helmet unavailable)
rElec   .          Rampage  .    (no cloak)
rCorr   .                        i - +0 pair of gloves
Will    .....                    j - +0 pair of boots Stlth
                                 p - amulet of reflection
HPRegen 0.26/turn                (no ring)
MPRegen 0.09/turn                (no ring)

@: confused
A: permanent stasis, dig shafts and tunnels, antennae 3, four strong arms
a: Dig, Shaft Self


You were on level 4 of the Dungeon.
You visited 1 branch of the dungeon, and saw 4 of its levels.

You collected 264 gold pieces.

Inventory:

Hand Weapons
 a - a +0 flail (weapon)
Armour
 b - a +0 scale mail
 c - a +0 buckler (worn)
 g - a +0 chain mail
 i - a +0 pair of gloves (worn)
 j - a +0 pair of boots (worn)
 o - +0 ice dragon scales (worn)
Jewellery
 p - an amulet of reflection (around neck)
 v - an amulet of faith
Scrolls
 f - a scroll of fear
Potions
 d - 2 potions of might
 e - 2 potions of curing
 k - a potion of lignification
 l - a potion of flight
 m - a potion of heal wounds {unknown}
 n - a potion of attraction {unknown}
 s - a potion of magic {unknown}
 u - a potion of resistance


   Skills:
 + Level 4.2 Fighting
 * Level 4.0 Maces & Flails
 - Level 3.2 Armour
 - Level 4.0 Shields


You had 3 spell levels left.
You didn't know any spells.
Your spell library contained the following spells:

 Spells                   Type           Power      Damage    Failure   Level
 Frozen Ramparts          Ice            0%         1d1       99%         3
 Ice Form                 Ice/Tmut       0%         N/A       100%        4
 Manifold Assault         Tloc           0%         N/A       100%        4
 Summon Ice Beast         Ice/Summ       0%         N/A       100%        4
 Dispersal                Tloc           0%         N/A       100%        6
 Disjunction              Tloc           0%         N/A       100%        8


Dungeon Overview and Level Annotations

Branches:
Dungeon (4/15)
 Temple: D:4-7

Altars:
Ashenzari
Sif Muna
Zin

Shops:
D:2 !


Innate Abilities, Weirdness & Mutations

You cannot be hasted, slowed, berserked, paralysed or teleported.
You can dig through walls and to a lower floor.
You have a pair of large antennae on your head. (SInv)
Your four strong arms can wield two-handed weapons with a shield.


Message History

You thump the orc priest!
The orc priest is almost dead.
The orc hits you with a +0 short sword. The orc priest hits you with a +0 mace!
You block the orc's attack.
The orc wizard gestures wildly while chanting.
The orc wizard flickers and vanishes for a moment.
You block the orc wizard's attack.
The orc priest begins to cast a cantrip, but forgets the words!
You block the orc's attack. The orc hits you but does no damage.
You closely miss the orc priest.
The orc priest is almost dead.
The orc priest hits you with a +0 mace.
The orc wizard hits you with a +0 dagger.
The orc completely misses you. The orc hits you with a +0 club.
You hit the orc priest but do no damage.
The orc priest is almost dead.
The orc barely misses you.
The orc priest hits you but does no damage.
The orc wizard gestures at you while chanting.
The magic dart hits you! The orc barely misses you.
You closely miss the orc priest.
The orc priest is almost dead.
The orc hits you but does no damage.
The orc priest hits you but does no damage.
The orc hits you but does no damage.
The orc wizard gestures at you while chanting.
You are confused.
You completely miss the orc priest.
The orc priest is almost dead.
The orc hits you but does no damage.
The orc priest casts a cantrip, but nothing happens.
The orc hits you but does no damage. The orc wizard casts a spell at you.
The puff of flame hits you. The fire burns you terribly!
* * * LOW HITPOINT WARNING * * *
The orc priest hits you with a +0 mace.
* * * LOW HITPOINT WARNING * * *
The orc wizard hits you but does no damage.
The orc hits you with a +0 club.
You die...

### ###### ##.##
#####.....#
##.#.####.oo.......
#.###.....o@o...>..
##.#.########.....#
#..# ....# #..#
.#.# #..# # #
#####..####
#.........#
#.###.....# #.###.#


You could see an orc priest, an orc wizard (invisible) and 2 orcs.

Vanquished Creatures
  2 adders (D:3)
  3 dart slugs
  4 orcs (D:3)
  3 endoplasms (D:2)
  5 giant cockroaches
  8 goblins
  4 hobgoblins
  4 jackals
  3 ball pythons
  6 bats
  4 frilled lizards (D:2)
  9 kobolds
  6 rats
61 creatures vanquished.

Vanquished Creatures (others)
  An orc wizard (D:3)
1 creature vanquished.

Grand Total: 62 creatures vanquished

Notes
Turn   | Place    | Note
-------+----------+-------------------------------------------
     0 | D:1      | cforsyth the Formicid Fighter began the quest for the Orb.
     0 | D:1      | Reached XP level 1. HP: 18/18 MP: 1/1
   195 | D:1      | Reached XP level 2. HP: 24/24 MP: 2/2
   726 | D:2      | Found Huraamn's Distillery.
   745 | D:2      | Reached XP level 3. HP: 29/30 MP: 3/3
   881 | D:2      | Found the +12 pair of quick blades "Gyre" and "Gimble"
                  | {protect}
  1130 | D:3      | Found a glowing silver altar of Zin.
  1305 | D:3      | Reached XP level 4. HP: 37/37 MP: 4/4
  1390 | D:3      | Found a shimmering blue altar of Sif Muna.
  2264 | D:4      | Found a broken altar of Ashenzari.
  2321 | D:4      | Slain by an orc

Illustrated notes

Levels and vault maps discovered:
D:1:      dpeg_arrival_more_subterranean_lakeside_camping, layout_basic,
          minivault_24
D:2:      kb_forest_paths, layout_rooms, serial_shops, shop, minmay_circle_x
D:3:      layout_basic, mainiacjoe_overflow_alcove_1, led_sif_book
D:4:      layout_loops_ring, lemuel_round_altar, nicolae_uskayaw_en_pointe,
          chequers_temple_overflow_statue_of_worship, lightli_sewer_entry_pipes,
          serial_glass, glass_columns_c, glass_columns_c

Skill      XL: |  1  2  3  4 |
---------------+-------------+-----
Maces & Flails | 3 4 |  4.0
Fighting       | 4 |  4.2
Armour         | |  3.2
Shields        | |  4.0

Action                     |  1- 3 |  4- 6 || total
---------------------------+-------+-------++-------
  Melee: Flail             |   101 |    78 ||   179
    Use: Scroll            |       |     9 ||     9
 Armour: Scale mail        |    65 |       ||    65
         Ice dragon scales |       |    77 ||    77
  Dodge: Dodged            |    55 |    50 ||   105
  Block: Buckler           |    31 |    27 ||    58

Table legend: (Time is in decaauts)
 A = Elapsed time spent in this place.
 B = Non-inter-level travel time spent in this place.
 C = Inter-level travel time spent in this place.
 D = Time resting spent in this place.
 E = Time spent auto-exploring this place.
 F = Levels seen in this place.
 G = Mean time per level.
                   A        B        C        D        E       F      G
               +--------+--------+--------+--------+--------+-----+--------+
         Total |   2369 |   2232 |    137 |    370 |   1296 |   4 |  592.2 |
       Dungeon |   2369 |   2232 |    137 |    370 |   1296 |   4 |  592.2 |
               +--------+--------+--------+--------+--------+-----+--------+

Top non-repeatable levels by time:
     D:3: 873 daAuts
     D:1: 692 daAuts
     D:2: 644 daAuts
     D:4: 159 daAuts
